 Dungeon Crawl Stone Soup version 0.29-a0-266-gf56f883ddd (webtiles) character file.

Game seed: 10468471173493155304

57433 fragbeetle the Fey Djinni (level 15, -8/101 HPs)
             Began as a Djinni Conjurer on Mar 6, 2022.
             Was an Initiate of Yredelemnul.
             Mangled by a cane toad (15 damage)
             ... on level 5 of the Lair of Beasts.
             The game lasted 01:10:52 (27376 turns).

fragbeetle the Fey Djinni (Djinni Conjurer)        Turns: 27376, Time: 01:10:53

Health: -8/101     AC:  7    Str: 10    XL:     15   Next: 26%
Gold:   1512       EV: 17    Int: 27    God:    Yredelemnul [......] SH:  0 Dex: 14

rFire   + + .      SeeInvis .   B - +6 glaive (drain)
rCold   + . .      Faith    +   (shield currently unavailable)
rNeg    . . .      Spirit   .   F - +2 leather armour {rC+}
rPois   ∞          Reflect  .   q - +0 helmet
rElec   .          Harm     .   (no cloak)
rCorr   .          Rampage  .   f - +0 pair of gloves
Will    +....                   (boots unavailable)
Stlth   ++........              k - amulet of faith
HPRegen 0.26/turn               o - +6 ring of intelligence
MPRegen 0.00/turn               N - ring of protection from cold

@: flying, studying Dodging
A: sickness immunity, fire resistance 2, cold vulnerability 1, float, innate
caster, HP casting, extra vitality 1
a: Renounce Religion, Recall Undead Harvest


You were on level 5 of the Lair of Beasts.
You worshipped Yredelemnul.
Yredelemnul was pleased with you.
You visited 3 branches of the dungeon, and saw 19 of its levels.
You also visited: Ossuary and Ice Cave.

You collected 1765 gold pieces.
You spent 253 gold pieces at shops.

Inventory:

Hand Weapons
 B - a +6 glaive of draining (weapon)
 I - a +1 demon trident of freezing
 O - a +3 halberd of freezing
 P - a +1 shortbow of flaming
 V - a +1 hand crossbow of freezing
 Y - a +1 vampiric trident
Missiles
 e - 32 poisoned darts
 t - 3 throwing nets
 U - 5 curare-tipped darts
Armour
 f - a +0 pair of gloves (worn)
 q - a +0 helmet (worn)
 F - a +2 leather armour of cold resistance (worn)
Magical Staves
 W - a staff of conjuration
Jewellery
 d - an amulet of regeneration
 k - an amulet of faith (around neck)
 o - a +6 ring of intelligence (left hand)
 y - a +6 ring of intelligence
 E - a ring of willpower
 J - an amulet of reflection
 K - a ring of resist corrosion
 N - a ring of protection from cold (right hand)
 X - the amulet of Joylecs {RegenMP rElec rC++}
   (You found it in an ice cave)

   [amulet of magic regeneration]

   It increases your rate of magic regeneration.
   rC:        It greatly protects you from cold.
   rElec:     It insulates you from electricity.
Wands
 c - a wand of polymorph (18)
 g - a wand of mindburst (8)
 r - a wand of iceblast (24)
 s - a wand of flame (33)
 L - a wand of digging (15)
 Q - a wand of acid (8)
Scrolls
 a - 2 scrolls of identify
 j - 3 scrolls of blinking
 n - 7 scrolls of teleportation
 p - 3 scrolls of enchant weapon
 x - a scroll of magic mapping
 D - 3 scrolls of fear
 H - 4 scrolls of fog
 M - 5 scrolls of vulnerability
 R - 5 scrolls of enchant armour
 S - a scroll of silence {unknown}
Potions
 b - 2 potions of berserk rage
 h - 4 potions of resistance
 l - 4 potions of mutation
 m - a potion of lignification
 u - 5 potions of curing
 v - a potion of ambrosia
 w - 5 potions of brilliance
 z - 3 potions of invisibility
 A - a potion of haste
 G - 2 potions of attraction
 T - 2 potions of cancellation
Miscellaneous
 i - a phantom mirror (inert)
 C - a condenser vane (inert)


   Skills:
 + Level 7.1 Fighting
 + Level 12.4 Polearms
 + Level 11.5 Dodging
 - Level 1.5 Stealth
 - Level 10.0 Spellcasting
 - Level 13.1 Invocations


You couldn't memorise any spells.
You knew the following spells:

 Your Spells              Type           Power      Damage    Failure   Level
a - Magic Dart            Conj           100%       1d8       1%          1
b - Searing Ray           Conj           100%       2d8       1%          2
c - Dazzling Flash        Conj/Hex       100%       N/A       1%          3
d - Fulminant Prism       Conj/Hex       30%        3d16      1%          4
e - Iskenderun's Mystic   Conj/Tloc      61%        2d13      1%          4
f - Beastly Appendage     Tmut           100%       N/A       1%          1
g - Poisonous Vapours     Pois/Air       100%       N/A       1%          2
h - Corpse Rot            Necr/Air       100%       N/A       1%          2
i - Lesser Beckoning      Tloc           61%        N/A       1%          3
j - Alistair's Intoxicat  Tmut/Pois      40%        N/A       2%          5
k - Death Channel         Necr           30%        N/A       14%         6
q - Manifold Assault      Tloc           61%        N/A       2%          5
Your spell library was empty.

Dungeon Overview and Level Annotations

Branches:
Dungeon (12/15)            Temple (1/1) D:5            Lair (6/6) D:9
 Shoals (0/4) Lair:2       Spider (0/4) Lair:3          Orc (0/2) D:11
Ossuary (visited)           IceCv (visited)
  Slime: Lair:5-6

Altars:
Makhleb
Okawaru
Uskayaw
Vehumet
Yredelemnul
Zin

Shops:
D:4 *   D:5 :*   D:7 :

Annotations:
D:7 2 runed translucent doors, mdonais's ghost, novice OpDe
Lair:3 Veysay's ghost, journeyman DjWz
Lair:5 exclusion: downstairs


Innate Abilities, Weirdness & Mutations

You are immune to sickness and miasma.
You are immune to poison.
Your flesh is very heat resistant. (rF++)
You are vulnerable to cold. (rC-)
You float through the air rather than walking.
You learn spells naturally, not from books.
Your magical power is your life essence.
You have superior vitality. (+4 MHP)


Message History

The vampire mosquito bites something!
The blink frog moves out of view.
A cane toad comes into view.
A bullfrog comes into view.
The bullfrog croaks.
You hear a croak.
A blink frog comes into view.
The cane toad barely misses you.
The blink frog gives a loud, deep croak!
The blink frog croaks.
You hear an angry buzzing noise.
The blink frog blinks!
You see here 15 gold pieces.
The bullfrog completely misses you.
The blink frog blinks!
The cane toad attacks as you move away! The cane toad stings you!
The blink frog blinks!
The bullfrog hits you. The bullfrog attacks as you move away!
The bullfrog hits you but does no damage.
The blink frog completely misses you. The blink frog barely misses you.
The goliath frog barely misses you.
There is a stone staircase leading up here.
Unknown command.
The blink frog blinks!
The bullfrog completely misses you. The blink frog hits you!
The blink frog blinks!
The blink frog hits you!
The blink frog blinks!
The goliath frog closely misses you. The cane toad misses you.
The bullfrog hits you.
The blink frog blinks!
You fly upwards.
Level annotation: exclusion: downstairs
There is a stone staircase leading down here.
The cane toad attacks as you move away! The cane toad stings you.
The blink frog misses you. x2
You hit the blink frog.
The blink frog is lightly wounded.
The bullfrog barely misses you. The cane toad stings you!
* * * LOW HITPOINT WARNING * * *
The blink frog hits you but does no damage.
The bullfrog hits you but does no damage.
The blink frog attacks as you move away!
The blink frog hits you!
* * * LOW HITPOINT WARNING * * *
The cane toad stings you!
You die...
Your body rises from the dead as a mindless zombie.

# #.## ##.###.####
####.###...#..#..#
.............#...##
...#..............#
....#.............####
...#.##.Z.####.....#.#
....###.### ###>...##
...####...## ##FF..# ..##
#.....# #@#...### ..#####..###
#######.## ...##.....#########
###.## ...#.P........#.#.#
#....### ..................#
##.....##
.............##+.+######....##
............##.....)#
#......##
.#.#........#.....#.#
###.<...#
.####.####..#.#.....# #.....#


You could see a cane toad and a bullfrog.

Vanquished Creatures
  A white draconian (IceCv)
  A fire dragon (D:11)
  3 hydras
  A death yak (Lair:3)
  Sonja (Lair:5)
  Amaemon (D:8)
  An ugly thing (D:9)
  3 black mambas
  3 elephants
  2 ice statues (IceCv)
  An orange demon (D:8)
  10 cane toads
  5 rime drakes
  A komodo dragon (Lair:5)
  Psyche (D:8)
  A kobold demonologist (D:9)
  A troll (D:8)
  A hornet (D:9)
  2 polar bears
  10 blink frogs
  A snapping turtle (Lair:2)
  A jumping spider (Lair:3)
  26 yaks
  A spriggan (Lair:5)
  A shadow (D:10)
  2 wraiths
  A vampire (D:11)
  A basilisk (Lair:3)
  2 wyverns
  Grum (D:9)
  Eustachio (D:4)
  A steam dragon (Lair:3)
  A redback (Lair:3)
  Edmund (D:4)
  Menkaure (D:4)
  11 water moccasins
  2 orc warriors
  A sky beast (D:6)
  3 black bears
  2 ogres (D:4)
  7 wolves
  3 centaurs
  3 phantoms (D:5)
  A kobold brigand (D:6)
  2 necrophages
  9 bullfrogs
  A scorpion (D:7)
  3 wights (D:8)
  4 killer bees
  5 lindwurm simulacra (IceCv)
  A howler monkey (D:10)
  A rime drake simulacrum (Lair:3)
  7 komodo dragon simulacra (IceCv)
  A jelly (D:7)
  2 orc priests
  5 hounds
  An iguana (D:5)
  5 orc wizards
  Terence (D:2)
  A scorpion zombie (D:4)
  A hound zombie (D:4)
  A mummy (Ossuary)
  7 adders
  11 gnolls
  4 acid dragon simulacra (IceCv)
  2 white imps
  An ufetubus (D:4)
  4 steam dragon simulacra (IceCv)
  2 adder skeletons (D:4)
  3 adder zombies (D:4)
  A worm (D:3)
  2 dart slugs
  35 orcs
  A spectral bat (Ossuary)
  4 endoplasms
  A giant cockroach (D:2)
  11 goblins
  8 hobgoblins
  6 jackals (D:3)
  5 quokkas
  5 ball pythons
  3 bats
  4 bat simulacra (Ossuary)
  4 frilled lizards
  13 gnoll zombies
  2 goblin simulacra (Ossuary)
  5 goblin zombies (Ossuary)
  4 hobgoblin zombies
  10 kobolds
  2 kobold simulacra (Ossuary)
  8 kobold zombies (Ossuary)
  3 orc zombies
  8 rats
  3 rat simulacra (Ossuary)
  4 spectral goblins (Ossuary)
  2 spectral kobolds (Ossuary)
  4 spectral rats (Ossuary)
368 creatures vanquished.

Vanquished Creatures (collateral kills)
  3 death yaks (Lair:3)
  A two-headed ogre (D:11)
  Urug (Lair:1)
  A cyclops (D:11)
  A manticore (D:11)
  9 elephants
  A black mamba (Lair:5)
  A gargoyle (D:11)
  3 cane toads
  A komodo dragon (Lair:5)
  2 rime drakes
  A polar bear (Lair:1)
  2 trolls
  A hornet (D:9)
  2 blink frogs (Lair:5)
  A shadow (D:11)
  A wyvern (Lair:4)
  18 yaks
  2 basilisks
  A redback (Lair:3)
  An acid dragon (D:9)
  An orc warrior (D:10)
  A black bear (Lair:2)
  6 wolves
  2 centaurs
  The ghost of bande the Covered, an amateur GrFi (D:3)
  A phantom (D:7)
  A gnoll sergeant (D:10)
  6 bullfrogs
  2 wights
  6 killer bees
  A howler monkey (D:7)
  An electric eel (Lair:2)
  A jelly (D:7)
  A gnoll shaman (D:7)
  2 orc priests
  2 iguanas
  A hound zombie (D:4)
  A gnoll (D:3)
  An acid dragon simulacrum (IceCv)
  An adder (D:2)
  A white imp (D:7)
  2 dart slugs
  6 orcs
  A bat (D:3)
  2 gnoll zombies (D:3)
  A bush (Lair:5)
106 creatures vanquished.

Vanquished Creatures (others)
  A jumping spider zombie (Lair:3)
  A spectral yak (Lair:3)
  A spectral orange demon (D:8)
  A cane toad zombie (Lair:4)
  A hornet zombie (D:9)
  An elephant zombie (Lair:3)
  A blink frog zombie (Lair:3)
  3 rime drake zombies (IceCv)
  8 yak zombies
  A spriggan zombie (Lair:5)
  6 wolf zombies
  5 bullfrog zombies
  A scorpion zombie (D:7)
  A sky beast zombie (D:6)
  5 killer bee zombies
  An ogre zombie (D:4)
  A hound zombie (D:5)
  A howler monkey zombie (D:7)
  A human zombie (D:4)
  An adder zombie (D:4)
  A spectral white imp (D:7)
  5 gnoll zombies
  A goblin zombie (D:4)
  A jackal zombie (D:3)
  2 kobold zombies
  25 orc zombies
  A quokka zombie (D:3)
  2 rat zombies (D:3)
  A spectral endoplasm (D:3)
  A bush (Lair:3)
  30 fulminant prisms
  38 fungi
  79 plants
  A withered plant (D:4)
230 creatures vanquished.

Grand Total: 704 creatures vanquished

Notes
Turn   | Place    | Note
-------+----------+-------------------------------------------
     0 | D:1      | fragbeetle the Djinni Conjurer began the quest for the Orb.
     0 | D:1      | Reached XP level 1. HP: 15/15 MP: 0/0
   349 | D:1      | Reached XP level 2. HP: 16/22 MP: 0/0
   595 | D:1      | Reached skill level 1 in Fighting
   839 | D:1      | Reached XP level 3. HP: 19/27 MP: 0/0
   839 | D:1      | Learned a level 1 spell: Beastly Appendage
  1638 | D:2      | Reached XP level 4. HP: 27/33 MP: 0/0
  1660 | D:2      | Noticed Terence
  1665 | D:2      | Killed Terence
  1682 | D:2      | Found a basalt altar of Yredelemnul.
  1702 | D:2      | Became a worshipper of Yredelemnul the Dark
  1856 | D:2      | Reached * piety under Yredelemnul
  1973 | D:2      | Found a faded altar of an unknown god.
  2037 | D:2      | Identified the +6 war axe "Wuin" {holy, Str+5}
  2091 | D:2      | Reached XP level 5. HP: 35/38 MP: 0/0
  2091 | D:2      | Learned a level 2 spell: Poisonous Vapours
  2483 | D:3      | Found a large runed translucent door.
  2484 | D:3      | Found a large runed translucent door.
  2488 | D:3      | Noticed bande's ghost (amateur GrFi)
  2886 | D:3      | Reached XP level 6. HP: 43/45 MP: 0/0
  2943 | D:3      | Found a burning altar of Makhleb.
  3160 | D:3      | Reached ** piety under Yredelemnul
  3532 | D:3      | Killed bande's ghost
  3533 | D:3      | Reached skill level 5 in Spellcasting
  3629 | D:4      | Found a sand-covered staircase.
  3634 | Ossuary  | Entered an ossuary
  4456 | D:4      | Reached XP level 7. HP: 35/50 MP: 0/0
  4456 | D:4      | Learned a level 2 spell: Corpse Rot
  4872 | D:4      | Noticed Eustachio
  4886 | D:4      | Killed Eustachio
  5113 | D:4      | Noticed Edmund
  5120 | D:4      | Your ally Eustachio died
  5143 | D:4      | HP: 1/52 [Edmund/+1 flail of protection (6)]
  5160 | D:4      | Killed Edmund
  5161 | D:4      | Reached XP level 8. HP: 5/58 MP: 0/0
  5484 | D:4      | Reached skill level 5 in Fighting
  5557 | D:4      | Reached skill level 2 in Invocations
  5750 | D:4      | Noticed Menkaure
  5769 | D:4      | Killed Menkaure
  5770 | D:4      | Reached skill level 3 in Invocations
  5956 | D:4      | Reached skill level 4 in Invocations
  6465 | D:4      | Found Amouhijues's General Store.
  6471 | D:4      | Bought a scroll of fog for 26 gold pieces
  6590 | D:5      | Entered Level 5 of the Dungeon
  6796 | D:5      | Reached skill level 5 in Invocations
  7000 | D:5      | Found a staircase to the Ecumenical Temple.
  7070 | D:5      | Reached skill level 6 in Invocations
  7070 | D:5      | Reached XP level 9. HP: 17/65 MP: 0/0
  7070 | D:5      | Learned a level 3 spell: Lesser Beckoning
  7325 | Temple   | Entered the Ecumenical Temple
  7415 | D:5      | Found Joseunk's Book Boutique.
  7545 | D:5      | Found Xuqogiq's General Store.
  7553 | D:5      | Bought a scroll of identify for 26 gold pieces
  7553 | D:5      | Bought a scroll of vulnerability for 97 gold pieces
  7553 | D:5      | Bought a potion of mutation for 104 gold pieces
  7565 | D:5      | Identified a scroll of acquirement
  7566 | D:5      | Acquired a manual of Dodging
  8005 | D:6      | Reached skill level 7 in Invocations
  8327 | D:6      | Noticed a troll
  8335 | D:6      | Killed a troll
  8336 | D:6      | Reached skill level 8 in Invocations
  9025 | D:6      | Reached *** piety under Yredelemnul
  9263 | D:7      | Found Yleunedodu's Book Emporium.
  9527 | D:7      | Found a hide-covered altar of Uskayaw.
  9548 | D:7      | Reached skill level 9 in Invocations
  9830 | D:7      | Reached skill level 10 in Invocations
  9830 | D:7      | Reached XP level 10. HP: 39/70 MP: 0/0
  9854 | D:7      | Reached skill level 5 in Dodging
  9879 | D:7      | Identified the +0 scale mail "Toengoga" {SInv}
 10202 | D:7      | Found a large runed translucent door.
 10202 | D:7      | Found a large runed translucent door.
 10206 | D:7      | Noticed mdonais's ghost (novice OpDe)
 10778 | D:8      | Reached skill level 10 in Dodging
 11109 | D:8      | Found a glowing silver altar of Zin.
 11258 | D:8      | Found an iron altar of Okawaru.
 11332 | D:8      | Noticed Amaemon
 11332 | D:8      | Noticed an orange demon
 11346 | D:8      | Killed Amaemon
 11347 | D:8      | Reached XP level 11. HP: 28/75 MP: 0/0
 11347 | D:8      | Learned a level 5 spell: Alistair's Intoxication
 11591 | D:8      | Noticed Psyche
 11601 | D:8      | Killed Psyche
 12111 | D:9      | Noticed a white ugly thing
 12122 | D:9      | Killed a white ugly thing
 12160 | D:9      | Noticed Grum
 12171 | D:9      | Killed Grum
 12639 | D:9      | Found a staircase to the Lair.
 12639 | D:9      | Noticed an elephant
 12654 | D:9      | Killed an elephant
 12767 | D:9      | Reached skill level 5 in Polearms
 13314 | D:9      | Reached **** piety under Yredelemnul
 13467 | D:9      | Identified the +0 ring mail of the Old and Reckless {Fly
                  | rC+++ Slay-4 Stlth+}
 13570 | D:9      | Reached ***** piety under Yredelemnul
 13835 | D:10     | Entered Level 10 of the Dungeon
 14356 | D:10     | Reached XP level 12. HP: 68/83 MP: 0/0
 15383 | D:11     | Found a staircase to the Orcish Mines.
 16026 | D:11     | Noticed a two-headed ogre
 16032 | D:11     | Killed a two-headed ogre
 16290 | D:11     | Noticed a fire dragon
 16308 | D:11     | Killed a fire dragon
 16778 | Lair:1   | Entered Level 1 of the Lair of Beasts
 17306 | Lair:1   | Noticed Urug
 17313 | Lair:1   | Reached skill level 11 in Invocations
 17314 | Lair:1   | HP: 1/83 [Urug/+6 glaive of protection (32)]
 17319 | Lair:1   | Killed Urug
 17906 | Lair:1   | Reached skill level 12 in Invocations
 18296 | Lair:2   | Reached XP level 13. HP: 81/87 MP: 0/0
 18296 | Lair:2   | Learned a level 5 spell: Manifold Assault
 18760 | Lair:2   | Found a staircase to the Shoals.
 19126 | Lair:2   | Reached skill level 13 in Invocations
 19379 | Lair:2   | Reached ****** piety under Yredelemnul
 19503 | Lair:2   | Reached XP level 14. HP: 94/94 MP: 0/0
 19944 | Lair:3   | Found a runed translucent gate.
 19944 | Lair:3   | Found a runed translucent gate.
 19944 | Lair:3   | Found a runed translucent gate.
 20232 | Lair:3   | Noticed Veysay's ghost (journeyman DjWz)
 20279 | Lair:3   | You are sucked into a shaft and drop 1 floor!
 20390 | Lair:4   | Found a frozen archway.
 20433 | IceCv    | Entered an ice cave
 21680 | IceCv    | Noticed a white draconian
 21706 | IceCv    | Killed a white draconian
 22021 | IceCv    | Identified the amulet of Joylecs {RegenMP rElec rC++}
 24044 | Lair:3   | Reached skill level 10 in Spellcasting
 24432 | Lair:3   | Found a hole to the Spider Nest.
 24577 | Lair:3   | Reached XP level 15. HP: 79/98 MP: 0/0
 24577 | Lair:3   | Learned a level 6 spell: Death Channel
 25939 | Lair:5   | Noticed Sonja
 25942 | Lair:5   | Killed Sonja
 26945 | Lair:6   | Entered Level 6 of the Lair of Beasts
 27376 | Lair:5   | Mangled by a cane toad

Illustrated notes

Levels and vault maps discovered:
D:1:      ebering_trefoil_twist, layout_loops_ring
D:2:      layout_basic, basic_altar, shapermc_ecumenical_altar_acropolis,
          minmay_heptomino_d4, uniq_terence
D:3:      layout_loops_ring, mainiacjoe_overflow_surrounded_room,
          ebering_ghost_disaster_area, minivault_4, serial_park_tiny_pond
D:4:      layout_loops_ring, serial_shops,
          nicolae_shop_competitors_out_of_business, enter_ossuary_2,
          serial_undead, serial_undead_b, serial_undead_d, serial_undead_e,
          serial_undead_b, minmay_surrounded, uniq_eustachio, uniq_menkaure,
          uniq_edmund
D:5:      layout_loops_ring, minmay_temple_entry_trees, serial_shops,
          nicolae_shop_window_shopping, nicolae_stop_n_shop_1
D:6:      layout_basic, hangedman_decor_lopped
D:7:      layout_gridville, grunt_temple_overflow_open, serial_shops,
          kennysheep_mini, ebering_ghost_disaster_area, minmay_alternating_orb
D:8:      layout_loops_ring, nicolae_overflow_hidden_temple, uniq_psyche,
          uniq_amaemon
D:9:      layout_gridville, david_lair_generic, minmay_misc_feat_enclosed,
          grunt_ministairs_2, uniq_grum
D:10:     layout_roguey
D:11:     layout_rooms, hiddenorc2_lemuel, hangedman_abyss_or_decor_passed
D:12:     layout_rooms, eino_small_chamber_without_monster, bh_walls_and_bars,
          uniq_kirke
Temple:   eino_temple_scatter_basement
Lair:1:   layout_small_grid, chequers_serial_rivers_room_b, uniq_urug
Lair:2:   layout_hall_layers, minmay_shoals_entry_hut
Lair:3:   layout_cave_pods, spider_nest_entry_a, gammafunk_ghost_icy
Lair:4:   layout_regular_city, portal_ice_cave_entry_pillars_1,
          lemuel_fruit_fields, serial_bayou_shore_a
Lair:5:   layout_concentric_octagons, grunt_forest_large_clearing_hut,
          grunt_megastairs_1, uniq_sonja
Lair:6:   minmay_lair_end_frog_pond, layout_small_grid,
          minmay_slime_entry_jelly_boxes, st_stairs_4,
          nicolae_quartered_pool_super

Skill      XL: |  1  2  3  4  5  6  7  8  9 10 11 12 13 14 15 |
---------------+----------------------------------------------+-----
Fighting       | 1 2 3 4 5 6 7 |  7.1
Spellcasting   | 4 5 6 7 8 10 | 10.0
Invocations    | 6 10 12 13 | 13.1
Dodging        | 10 11 | 11.5
Polearms       | 6 9 11 12 | 12.4
Stealth        | |  1.5

Action                   |  1- 3 |  4- 6 |  7- 9 | 10-12 | 13-15 || total
-------------------------+-------+-------+-------+-------+-------++-------
Melee: Spear             |       |   156 |   205 |    39 |       ||   400
       Short sword       |       |     2 |       |       |       ||     2
       Punch             |       |       |     3 |     1 |       ||     4
       Halberd           |       |       |       |   215 |       ||   215
       Glaive            |       |       |       |     5 |   399 ||   404
       Demon trident     |       |       |       |       |    13 ||    13
 Cast: Magic Dart        |    55 |    44 |    35 |    11 |     1 ||   146
       Searing Ray       |     2 |    12 |    25 |    23 |     3 ||    65
       Fulminant Prism   |       |     2 |     2 |    10 |    16 ||    30
       Poisonous Vapours |       |       |    19 |    76 |    16 ||   111
       Dazzling Flash    |       |       |     6 |     4 |       ||    10
       Iskenderun's Myst |       |       |       |     3 |     4 ||     7
       Manifold Assault  |       |       |       |       |   166 ||   166
Invok: Dark Bargain      |       |     2 |     1 |    10 |    10 ||    23
       Recall Undead Har |       |     1 |       |     2 |     5 ||     8
       Bind Soul         |       |       |       |       |     1 ||     1
Evoke: Wand              |       |       |       |     3 |     4 ||     7
       Phantom mirror    |       |       |       |       |     2 ||     2
       Condenser vane    |       |       |       |       |     1 ||     1
  Use: Potion            |       |       |     4 |     5 |     5 ||    14
       Scroll            |       |       |    14 |    17 |     4 ||    35
 Stab: Sleeping          |       |     6 |       |     1 |     1 ||     8
       Distracted        |       |     1 |     3 |     2 |     2 ||     8
       Invisible         |       |       |     4 |       |       ||     4
       Fleeing           |       |       |       |       |     1 ||     1
Armor: Robe              |     1 |    34 |    10 |       |       ||    45
       Leather armour    |       |       |    61 |    60 |    35 ||   156
       Skin              |       |       |       |       |     8 ||     8
Dodge: Dodged            |     6 |    81 |   105 |   209 |   119 ||   520

Table legend: (Time is in decaauts)
 A = Elapsed time spent in this place.
 B = Non-inter-level travel time spent in this place.
 C = Inter-level travel time spent in this place.
 D = Time resting spent in this place.
 E = Time spent auto-exploring this place.
 F = Levels seen in this place.
 G = Mean time per level.
                   A        B        C        D        E       F      G
               +--------+--------+--------+--------+--------+-----+--------+
         Total |  27497 |  26725 |    772 |   7051 |  14714 |  21 | 1309.4 |
       Dungeon |  16045 |  15616 |    429 |   2118 |  11100 |  12 | 1337.1 |
        Temple |      1 |      1 |      0 |      0 |      0 |   1 |    1.0 |
          Lair |   8782 |   8439 |    343 |   3374 |   3402 |   6 | 1463.7 |
       Ossuary |    810 |    810 |      0 |    382 |     31 |   1 |  810.0 |
      Ice Cave |   1856 |   1856 |      0 |   1177 |    181 |   1 | 1856.0 |
               +--------+--------+--------+--------+--------+-----+--------+

Top non-repeatable levels by time:
  Lair:3: 2336 daAuts
  Lair:2: 2280 daAuts
     D:4: 2188 daAuts
   IceCv: 1856 daAuts
    D:11: 1817 daAuts
     D:9: 1806 daAuts
     D:8: 1669 daAuts
  Lair:5: 1620 daAuts
  Lair:1: 1511 daAuts
     D:3: 1429 daAuts
     D:1: 1407 daAuts
     D:6: 1319 daAuts
     D:7: 1273 daAuts
     D:5: 1231 daAuts
    D:10: 1120 daAuts
